3AAA
SUNSET DISTRICT FOG @ MILTON DOGFISH HEAD
08/11/2041
 
TOP OF THE 1ST
Sunset District Fog batting - Pitching for Milton Dogfish Head : LHP Nick Hayes
Pitching: LHP Nick Hayes
Batting: SHB Doug Watson 0-0: Ball
1-0: Called Strike
1-1: Foul Ball, location: 2F
1-2: Foul Ball, location: 2F
1-2: Foul Ball, location: 2F
1-2: Ground out U3 (Groundball, 3L, EV 106.2 MPH)
Batting: RHB A.T. Tappman 0-0: Ball
1-0: Called Strike
1-1: Called Strike
1-2: Foul Ball, location: 2F
1-2: Ball
2-2: Foul Ball, location: 2F
2-2: Ground out 4-3 (Groundball, 4, EV 77.5 MPH)
Batting: LHB Phillip White 0-0: Called Strike
0-1: Ball
1-1: Called Strike
1-2: Foul Ball, location: 2F
1-2: Ball
2-2: Foul Ball, location: 2F
2-2: Ground out 6-3 (Groundball, 56, EV 101.9 MPH)
Top of the 1st over - 0 runs, 0 hits, 0 errors, 0 left on base; Sunset District 0 - Milton 0
BOTTOM OF THE 1ST
Milton Dogfish Head batting - Pitching for Sunset District Fog : LHP Jamie Hunter
Pitching: LHP Jamie Hunter
Batting: RHB Anthony Hollis 0-0: Fly out, F4 (Popup, 4S, EV 67.5 MPH)
Batting: RHB Cédric Causse 0-0: Ball
1-0: Called Strike
1-1: SINGLE (Line Drive, 8LS, EV 104.4 MPH)
Batting: RHB Colton Pennington 0-0: SINGLE (Line Drive, 5D, EV 96.9 MPH)
Cédric Causse to second
Runner from 2nd tries for 3rd, SAFE, no throw by LF
Batting: RHB Bobby Norris 0-0: Called Strike
0-1: Swinging Strike
0-2: Strikes out looking
Batting: RHB Virgil Guldenmond 0-0: Called Strike
0-1: Ball
1-1: DOUBLE (Flyball, 78D, EV 105.0 MPH)
Cédric Causse scores
Colton Pennington to third
Runner from 3rd tries for Home, SAFE, throw by CF to trailing runner, SAFE at third!
Batting: RHB Tyler Marés 0-0: Called Strike
0-1: Foul Ball, location: 2F
0-2: Ball
1-2: Ground out 5-3 (Groundball, 56, EV 76.9 MPH)
Bottom of the 1st over - 2 runs, 3 hits, 0 errors, 1 left on base; Sunset District 0 - Milton 2
TOP OF THE 2ND
Sunset District Fog batting - Pitching for Milton Dogfish Head : LHP Nick Hayes
Batting: LHB Bradley Wilson 0-0: Ball
1-0: Called Strike
1-1: Ground out 5-3 (Groundball, 5, EV 106.9 MPH)
Batting: LHB Flint Myers 0-0: Swinging Strike
0-1: Ball
1-1: Foul Ball, location: 2F
1-2: Ball
2-2: Ball
3-2: Strikes out swinging
Batting: RHB Denis Taylor 0-0: Ball
1-0: Fly out, F9 (Flyball, 9S, EV 86.9 MPH)
Top of the 2nd over - 0 runs, 0 hits, 0 errors, 0 left on base; Sunset District 0 - Milton 2
BOTTOM OF THE 2ND
Milton Dogfish Head batting - Pitching for Sunset District Fog : LHP Jamie Hunter
Batting: RHB William Penn 0-0: Ball
1-0: Fly out, F9 (Flyball, 89D, EV 106.9 MPH)
Batting: RHB Tae-wan Park 0-0: SINGLE (Line Drive, 3D, EV 95.6 MPH)
Batting: RHB Troy Flynn 0-0: Ball
1-0: Ball
Passed Ball!
Tae-wan Park to second
2-0: Ball
Balk!
Tae-wan Park to third
3-0: Base on Balls
Batting: RHB Anthony Hollis 0-0: Ball
1-0: Foul Ball, location: 2F
1-1: Ball
2-1: Called Strike
2-2: Foul Ball, location: 3F, Error on foul ball, E3
2-2: Ball
3-2: Fielders Choice at 2nd, 6-4 (Groundball, 6, EV 106.9 MPH)
Tae-wan Park scores
Batting: RHB Cédric Causse 0-0: Ball
1-0: Ball
2-0: Ball
3-0: Called Strike
3-1: Base on Balls
Anthony Hollis to second
Batting: RHB Colton Pennington 0-0: Called Strike
0-1: Ball
1-1: Foul Ball, location: 2F
1-2: Foul Ball, location: 2F
1-2: Foul Ball, location: 2F
1-2: Ball
Wild Pitch!
Anthony Hollis to third
Cédric Causse to second
2-2: Ball
3-2: Foul Ball, location: 2F
3-2: Strikes out swinging
Bottom of the 2nd over - 1 run, 1 hit, 1 error, 2 left on base; Sunset District 0 - Milton 3
TOP OF THE 3RD
Sunset District Fog batting - Pitching for Milton Dogfish Head : LHP Nick Hayes
Batting: SHB Rafael Bregonzi 0-0: Called Strike
0-1: Ground out 5-3 (Groundball, 56, EV 110.0 MPH)
Batting: LHB Dan Hines 0-0: Ground out 4-3 (Groundball, 4, EV 86.9 MPH)
Batting: LHB Yu-zeng Si 0-0: Ball
1-0: Ball
2-0: Ball
3-0: Foul Ball, location: 2F
3-1: Called Strike
3-2: Foul Ball, location: 2F
3-2: Fly out, F3 (Line Drive, 4, EV 68.1 MPH)
Top of the 3rd over - 0 runs, 0 hits, 0 errors, 0 left on base; Sunset District 0 - Milton 3
BOTTOM OF THE 3RD
Milton Dogfish Head batting - Pitching for Sunset District Fog : LHP Jamie Hunter
Batting: RHB Bobby Norris 0-0: Ball
1-0: Foul Ball, location: 2F
1-1: Foul Ball, location: 2F
1-2: Ball
2-2: Ball
3-2: Base on Balls
Batting: RHB Virgil Guldenmond 0-0: Hit by Pitch
Bobby Norris to second
Batting: RHB Tyler Marés 0-0: Ball
1-0: Swinging Strike
1-1: Ball
2-1: Ball
3-1: Base on Balls
Bobby Norris to third
Virgil Guldenmond to second
Batting: RHB William Penn 0-0: Called Strike
0-1: Foul Ball, location: 2F
0-2: Fly out, F9 (Flyball, 89M, EV 85.0 MPH)
Runner from 3rd tags up, OUT at HOME! 9-2
Virgil Guldenmond to third
Tyler Marés to second
Batting: RHB Tae-wan Park 0-0: Ball
1-0: Called Strike
1-1: Swinging Strike
1-2: Ball
2-2: Strikes out looking
Bottom of the 3rd over - 0 runs, 0 hits, 0 errors, 2 left on base; Sunset District 0 - Milton 3
TOP OF THE 4TH
Sunset District Fog batting - Pitching for Milton Dogfish Head : LHP Nick Hayes
Batting: SHB Doug Watson 0-0: Swinging Strike
0-1: Foul Ball, location: 2F
0-2: Strikes out swinging
Batting: RHB A.T. Tappman 0-0: Called Strike
0-1: Ball
1-1: Foul Ball, location: 2F
1-2: Fly out, F8 (Flyball, 78S, EV 88.1 MPH)
Batting: LHB Phillip White 0-0: Called Strike
0-1: Ground out 4-3 (Groundball, 4S, EV 68.8 MPH)
Top of the 4th over - 0 runs, 0 hits, 0 errors, 0 left on base; Sunset District 0 - Milton 3
BOTTOM OF THE 4TH
Milton Dogfish Head batting - Pitching for Sunset District Fog : LHP Jamie Hunter
Batting: RHB Troy Flynn 0-0: Ball
1-0: Ball
2-0: Ball
3-0: Foul Ball, location: 2F
3-1: Foul Ball, location: 2F
3-2: Base on Balls
Batting: RHB Anthony Hollis 0-0: Ball
1-0: Swinging Strike
1-1: Swinging Strike
1-2: Ball
2-2: Ball
3-2: Foul Ball, location: 2F
3-2: Fielders Choice at 2nd, 1-4 (Groundball, 15S, EV 66.9 MPH)
Batting: RHB Cédric Causse 0-0: Called Strike
Anthony Hollis is caught stealing 2nd base 2-4
0-1: Called Strike
0-2: Ball
1-2: Foul Ball, location: 2F
1-2: Foul Ball, location: 2F
1-2: Ball
2-2: Ball
3-2: Strikes out swinging
Bottom of the 4th over - 0 runs, 0 hits, 0 errors, 0 left on base; Sunset District 0 - Milton 3
TOP OF THE 5TH
Sunset District Fog batting - Pitching for Milton Dogfish Head : LHP Nick Hayes
Batting: LHB Bradley Wilson 0-0: SINGLE (Flyball, 9LS, EV 90.6 MPH)
Batting: LHB Flint Myers 0-0: Ground out U3 (Groundball, 34, EV 86.2 MPH)
Bradley Wilson to second
Batting: RHB Denis Taylor 0-0: Ground out 4-3 (Groundball, 4S, EV 84.4 MPH)
Bradley Wilson to third
Batting: SHB Rafael Bregonzi 0-0: Ball
1-0: Ball
2-0: Ball
3-0: Base on Balls
Batting: LHB Dan Hines 0-0: Ball
1-0: SINGLE (Groundball, 4D, EV 96.2 MPH)
Bradley Wilson scores
Rafael Bregonzi to second
Runner from 2nd tries for 3rd, SAFE, throw by CF made to third
Batting: LHB Yu-zeng Si 0-0: Ball
1-0: Ground out 1-3 (Groundball, 13S, EV 73.8 MPH)
Top of the 5th over - 1 run, 2 hits, 0 errors, 2 left on base; Sunset District 1 - Milton 3
BOTTOM OF THE 5TH
Milton Dogfish Head batting - Pitching for Sunset District Fog : LHP Jamie Hunter
Batting: RHB Colton Pennington 0-0: Ball
1-0: Ball
2-0: Ground out 6-3 (Groundball, 6, EV 83.8 MPH)
Batting: RHB Bobby Norris 0-0: Ball
1-0: Called Strike
1-1: Foul Ball, location: 2F
1-2: Strikes out swinging
Pitching: RHP Charlie Hilder
Batting: RHB Virgil Guldenmond 0-0: Ball
1-0: Foul Ball, location: 2F
1-1: Fly out, F8 (Flyball, 8LXD, EV 91.2 MPH)
Bottom of the 5th over - 0 runs, 0 hits, 0 errors, 0 left on base; Sunset District 1 - Milton 3
TOP OF THE 6TH
Sunset District Fog batting - Pitching for Milton Dogfish Head : LHP Nick Hayes
Batting: SHB Doug Watson 0-0: Ball
1-0: Fly out, F8 (Line Drive, 8RD, EV 95.6 MPH)
Batting: RHB A.T. Tappman 0-0: Ball
1-0: Ball
2-0: Called Strike
2-1: Foul Ball, location: 2F
2-2: Strikes out swinging
Batting: LHB Phillip White 0-0: Ground out U3 (Groundball, 3, EV 108.8 MPH)
Top of the 6th over - 0 runs, 0 hits, 0 errors, 0 left on base; Sunset District 1 - Milton 3
BOTTOM OF THE 6TH
Milton Dogfish Head batting - Pitching for Sunset District Fog : RHP Charlie Hilder
Batting: RHB Tyler Marés 0-0: Ball
1-0: Called Strike
1-1: Called Strike
1-2: Strikes out swinging
Batting: RHB William Penn 0-0: Swinging Strike
0-1: Foul Ball, location: 2F
0-2: Ball
1-2: Ground out 6-3 (Groundball, 6, EV 84.4 MPH)
Batting: RHB Tae-wan Park 0-0: Ball
1-0: Fly out, F7 (Flyball, 78D, EV 104.4 MPH)
Bottom of the 6th over - 0 runs, 0 hits, 0 errors, 0 left on base; Sunset District 1 - Milton 3
TOP OF THE 7TH
Sunset District Fog batting - Pitching for Milton Dogfish Head : LHP Nick Hayes
Batting: LHB Bradley Wilson 0-0: Foul Ball, location: 2F
0-1: Ball
1-1: Fly out, F9 (Flyball, 9LDF, EV 103.8 MPH)
Batting: LHB Flint Myers 0-0: Ball
1-0: Swinging Strike
1-1: Swinging Strike
1-2: Ball
2-2: Ground out 2-3 (Groundball, 15S, EV 64.4 MPH)
Batting: RHB Denis Taylor 0-0: Foul Ball, location: 2F
0-1: Ball
1-1: Ball
2-1: Ball
3-1: Fly out, F5 (Popup, 56S, EV 83.8 MPH)
Top of the 7th over - 0 runs, 0 hits, 0 errors, 0 left on base; Sunset District 1 - Milton 3
BOTTOM OF THE 7TH
Milton Dogfish Head batting - Pitching for Sunset District Fog : RHP Charlie Hilder
Batting: RHB Troy Flynn 0-0: Swinging Strike
0-1: Called Strike
0-2: Strikes out looking
Batting: RHB Anthony Hollis 0-0: Called Strike
0-1: Called Strike
0-2: Ball
1-2: Strikes out looking
Batting: RHB Cédric Causse 0-0: Ball
1-0: Called Strike
1-1: Foul Ball, location: 2F
1-2: Strikes out swinging
Bottom of the 7th over - 0 runs, 0 hits, 0 errors, 0 left on base; Sunset District 1 - Milton 3
TOP OF THE 8TH
Sunset District Fog batting - Pitching for Milton Dogfish Head : LHP Nick Hayes
Batting: SHB Rafael Bregonzi 0-0: Called Strike
0-1: Fly out, F9 (Flyball, 9D, EV 91.9 MPH)
Batting: LHB Dan Hines 0-0: Foul Ball, location: 2F
0-1: Fly out, F8 (Flyball, 8LM, EV 90.6 MPH)
Batting: LHB Yu-zeng Si 0-0: Fly out, F8 (Flyball, 8RM, EV 90.0 MPH)
Top of the 8th over - 0 runs, 0 hits, 0 errors, 0 left on base; Sunset District 1 - Milton 3
BOTTOM OF THE 8TH
Milton Dogfish Head batting - Pitching for Sunset District Fog : RHP Charlie Hilder
Batting: RHB Colton Pennington 0-0: Called Strike
0-1: Ball
1-1: SINGLE (Line Drive, 78S, EV 87.5 MPH)
Batting: RHB Bobby Norris 0-0: Called Strike
0-1: Swinging Strike
0-2: Ball
1-2: Strikes out swinging
Batting: RHB Virgil Guldenmond 0-0: Ball
1-0: Fly out, F4 (Popup, 34S, EV 89.4 MPH)
Batting: RHB Tyler Marés 0-0: Ball
1-0: Foul Ball, location: 2F
1-1: Swinging Strike
1-2: Fly out, F3 (Line Drive, 3, EV 61.2 MPH)
Bottom of the 8th over - 0 runs, 1 hit, 0 errors, 1 left on base; Sunset District 1 - Milton 3
TOP OF THE 9TH
Sunset District Fog batting - Pitching for Milton Dogfish Head : LHP Nick Hayes
Pitching: RHP De Dion-Bouton
Now at 1B: Lawrence O'Neal
Batting: SHB Doug Watson 0-0: Called Strike
0-1: Ground out 4-3 (Groundball, 4, EV 81.2 MPH)
Batting: RHB A.T. Tappman 0-0: Fly out, F9 (Flyball, 9LMF, EV 100.0 MPH)
Batting: LHB Phillip White 0-0: Ground out U3 (Groundball, 34, EV 86.9 MPH)
Top of the 9th over - 0 runs, 0 hits, 0 errors, 0 left on base; Sunset District 1 - Milton 3
Tuesday, January 5th, 2021 - OOTP Baseball 20.8 Build 74